 Dungeon Crawl Stone Soup version 0.22-a0-618-gd6a3efe (webtiles) character file.

229 sking99 the Ruffian (level 6, -3/61 HPs)
             Began as an Ogre Transmuter on July 13, 2018.
             Was an Initiate of Makhleb.
             Killed from afar by Blork the orc (12 damage)
             ... with a puff of frost
             ... on level 4 of the Dungeon.
             The game lasted 00:06:50 (3634 turns).

sking99 the Ruffian (Ogre Transmuter)               Turns: 3634, Time: 00:06:51

Health: -3/61      AC:  3    Str: 15    XL:     6   Next: 3%
Magic:  2/9        EV: 10    Int: 14    God:    Makhleb [......]
Gold:   140        SH:  0    Dex: 11    Spells: 3/9 levels left

rFire    . . .     SeeInvis .     - Unarmed
rCold    . . .     Gourm    .   (no shield)
rNeg     . . .     Faith    .   b - +0 robe
rPois    .         Spirit   .   (helmet restricted)
rElec    .         Reflect  .   (no cloak)
rCorr    .         Harm     .   (gloves unavailable)
MR       .....                  (boots unavailable)
Stlth    +.........             (no amulet)
HPRegen  0.20/turn              (no ring)
MPRegen  0.11/turn              (no ring)

@: very slightly contaminated
A: large, unfitting armour, tough skin 1
a: Renounce Religion


You were on level 4 of the Dungeon.
You worshipped Makhleb.
Makhleb was noncommittal.
You were not hungry.

You visited 1 branch of the dungeon, and saw 4 of its levels.

You collected 140 gold pieces.

Inventory:

Missiles
 a - 23 arrows
 t - a throwing net (quivered)
Armour
 b - a +0 robe (worn)
Jewellery
 l - a cursed ring of loudness {unknown}
 p - a +1 ring of protection {unknown}
 r - an uncursed ring of positive energy {unknown}
Wands
 i - a wand of paralysis (6)
Scrolls
 c - a scroll of noise {unknown}
 e - 2 scrolls of remove curse {unknown}
 f - 7 scrolls of identify {unknown}
 g - a scroll of immolation {unknown}
 h - 3 scrolls of magic mapping {unknown}
 j - a scroll of fog {unknown}
 m - 2 scrolls of teleportation {unknown}
 n - a scroll of enchant weapon {unknown}
 s - a scroll of fear {unknown}
Potions
 k - 3 potions of degeneration {unknown}
 o - a potion of cancellation
 q - a potion of curing {unknown}
 u - a potion of lignification {unknown}
 w - a potion of might
Comestibles
 d - 7 rations
 v - 2 chunks of flesh


   Skills:
 - Level 3.0 Fighting
 - Level 1.7 Dodging
 * Level 4.8 Unarmed Combat
 - Level 2.4 Spellcasting
 + Level 2.8 Transmutations
 - Level 1.0 Poison Magic
 - Level 1.0 Invocations


You had 3 spell levels left.
You knew the following spells:

 Your Spells              Type           Power        Failure   Level  Hunger
a - Beastly Appendage     Tmut           #.....       7%          1    #......
b - Sticks to Snakes      Tmut           #.......     11%         2    ###....
c - Spider Form           Tmut/Pois      #.........   30%         3    ###....

Your spell library contained the following spells:

 Spells                   Type           Power        Failure   Level  Hunger
 Blade Hands              Tmut           #.........   89%         5    ######.
 Ice Form                 Ice/Tmut       #.......     77%         4    #####..


Dungeon Overview and Level Annotations

Branches:
Dungeon (4/15)
 Temple: D:4-7

Altars:
Gozag
Makhleb
Okawaru
Vehumet

Annotations:
D:4 Blork the orc


Innate Abilities, Weirdness & Mutations

You are too large for most types of armour.
You have tough skin. (AC +1)


Message History

You hit Blork the orc but do no damage.
Blork the orc is severely wounded.
Blork the orc casts a spell.
Blork the orc flickers and vanishes!
Deactivating autopickup; reactivate with Ctrl-A.
Your ball python loses its grip on something.
You barely miss something. Something hits you!
You barely miss something. Something hits you. Something hits you!
You hit something. Something hits you!
You barely miss something.
You hear some strange, mumbled words.
A magic dart appears from out of thin air!
The magic dart hits you!
Your ball python misses something.
Something hits you!
* * * LOW HITPOINT WARNING * * *
Your ball python closely misses something.
You hear some strange, mumbled words.
A puff of frost appears from out of thin air!
The puff of frost hits you!
You die...

♣♣.♣♣#..#.....#
#
♣._..'..#.....#
♣♣.♣♣#..#.....#
♣♣♣ #..#.....#
#### #..#.....#
#..# #..#
#+###..####..##
#....S........#
#../..{.@.....#
#.............#
#.............#
#.............#
###############


You could see a friendly ball python.

Vanquished Creatures
  A hound (D:3)
  An orc priest (D:3)
  2 adders (D:3)
  3 adder skeletons
  2 adder zombies (D:2)
  2 worms (D:2)
  2 leopard geckos
  4 orcs
  2 bat zombies (D:2)
  5 giant cockroaches
  5 goblins
  7 hobgoblins
  3 jackals (D:2)
  4 kobolds
  A quokka (D:3)
  9 bats
  2 frilled lizards (D:2)
  5 rats
60 creatures vanquished.

Vanquished Creatures (collateral kills)
  An ogre (D:4)
  Jessica (D:2)
2 creatures vanquished.

Grand Total: 62 creatures vanquished

Notes
Turn   | Place    | Note
-------+----------+-------------------------------------------
     0 | D:1      | sking99 the Ogre Transmuter began the quest for the Orb.
     0 | D:1      | Reached XP level 1. HP: 19/19 MP: 3/3
   381 | D:1      | Reached skill level 3 in Unarmed Combat
   381 | D:1      | Reached XP level 2. HP: 6/28 MP: 5/5
  1076 | D:2      | Noticed Jessica
  1082 | D:1      | Learned a level 2 spell: Sticks to Snakes
  1087 | D:2      | Killed Jessica
  1087 | D:2      | Reached XP level 3. HP: 32/36 MP: 3/6
  1177 | D:2      | Learned a level 3 spell: Spider Form
  1623 | D:2      | Reached XP level 4. HP: 44/44 MP: 7/7
  1966 | D:3      | Found a burning altar of Makhleb.
  1988 | D:3      | Reached skill level 4 in Unarmed Combat
  2005 | D:3      | HP: 1/45 [orc/flail (2)]
  2008 | D:3      | Reached skill level 1 in Poison Magic
  2361 | D:3      | Became a worshipper of Makhleb the Destroyer
  2397 | D:3      | Reached XP level 5. HP: 51/53 MP: 4/8
  3104 | D:3      | Reached skill level 1 in Invocations
  3343 | D:3      | Found a radiant altar of Vehumet.
  3343 | D:3      | Found an iron altar of Okawaru.
  3409 | D:4      | Noticed an ogre
  3421 | D:4      | Killed an ogre
  3421 | D:4      | Reached XP level 6. HP: 28/61 MP: 3/9
  3600 | D:4      | Found an opulent altar of Gozag.
  3616 | D:4      | Noticed Blork the orc
  3634 | D:4      | Killed from afar by Blork the orc

Vault maps used:
D:1:      minmay_arrival_shattered_statue
D:2:      serial_undead, serial_undead_d, serial_undead_e, serial_undead_e,
          serial_undead_a, uniq_jessica
D:3:      amethyst_overflow_temple_binary, makhleb_heckhound_becter,
          first_ration
D:4:      gammafunk_wand_slinger, kennysheep_little_box,
          nicolae_qazlal_style_of_elements, uniq_blork_the_orc

Skill      XL: |  1  2  3  4  5 |
---------------+----------------+-----
Unarmed Combat | 3 4 |  4.8
Fighting       | 2 3 |  3.0
Transmutations | 2 |  2.8
Poison Magic   | 1 |  1.0
Invocations    | 1 |  1.0
Dodging        | |  1.7
Spellcasting   | |  2.4

Action                   |  1- 3 |  4- 6 || total
-------------------------+-------+-------++-------
Melee: Unarmed           |   129 |   148 ||   277
       Punch             |     1 |     2 ||     3
       Kick              |     5 |     3 ||     8
 Cast: Sticks to Snakes  |     1 |     6 ||     7
       Beastly Appendage |     1 |     2 ||     3
       Spider Form       |       |     6 ||     6
  Use: Potion            |       |     3 ||     3
 Stab: Sleeping          |       |     1 ||     1
  Eat: Chunk             |     2 |     8 ||    10
Armor: Robe              |    43 |    42 ||    85
       Skin              |       |     3 ||     3
Dodge: Dodged            |    79 |    97 ||   176

Table legend:
 A = Spawn XP
 B = Non-spawn XP
 C = Spawn XP percentage of total XP
 D = Spawn monster count
 E = Non-spawn monster count
 F = Spawn count percentage of total count
 G = Total turns spent on level
                    A         B        C        D         E        F      G
               +---------+---------+-------+---------+---------+-------+---------
         Total |       0 |     328 |   0.0 |       0 |      62 |   0.0 |  3634
               +---------+---------+-------+---------+---------+-------+---------
           D:1 |       0 |      19 |   0.0 |       0 |      11 |   0.0 |  1081
           D:2 |       0 |      97 |   0.0 |       0 |      30 |   0.0 |  1334
           D:3 |       0 |     149 |   0.0 |       0 |      20 |   0.0 |   963
           D:4 |       0 |      63 |   0.0 |       0 |       1 |   0.0 |   256
               +---------+---------+-------+---------+---------+-------+---------
